 Dungeon Crawl Stone Soup version 0.19.0-9-gfd783f2 (webtiles) character file.

56 mopl the Grave Robber (level 3, 0/24 HPs)
             Began as a Mummy Necromancer on Nov 7, 2016.
             Slain by a gnoll
             ... wielding a +0 halberd of chopping
              (13 damage)
             ... on level 2 of the Dungeon.
             The game lasted 00:04:41 (1340 turns).

mopl the Grave Robber (Mummy Necromancer)           Turns: 1340, Time: 00:04:42

Health: 0/24       AC:  3    Str: 11    XL:     3   Next: 71%
Magic:  2/6        EV:  6    Int: 15    God:
Gold:   68         SH:  0    Dex: 12    Spells: 3 memorised, 2 levels left

rFire  x . .     SeeInvis .     b - +0 hunting sling
rCold  + . .     Gourm    .     l - +0 robe
rNeg   + + +     Faith    .     (no shield)
rPois  ∞         Spirit   .     (no helmet)
rElec  .         Reflect  .     h - +0 cloak
rCorr  +         Harm     .     (no gloves)
MR     .....                    (no boots)
Stlth  ++........               (no amulet)
                                (no ring)
                                p - ring of resist corrosion

@: held
A: no food or potions, fire vulnerability, cold resistance 1, negative energy
resistance 3, torment resistance, unbreathing
a: no special abilities


You were on level 2 of the Dungeon.
You were not hungry.

You visited 1 branch of the dungeon, and saw 2 of its levels.

You collected 68 gold pieces.

Inventory:

Hand Weapons
 a - a +0 trident
 b - a +0 hunting sling (weapon)
Missiles
 i - 2 tomahawks
 o - 10 poisoned needles
 r - 40 stones (quivered)
Armour
 c - a +1 leather armour of fire resistance
 h - a +0 cloak (worn)
 k - a +0 shield
 l - a +0 robe (worn)
Jewellery
 p - a ring of resist corrosion (left hand)
Wands
 n - a wand of flame (28/48)
Scrolls
 d - 2 scrolls of fog {unknown}
 e - a scroll of blinking {unknown}
 f - a scroll of magic mapping {unknown}
 g - 2 scrolls of identify {unknown}
 j - 2 scrolls of amnesia
 m - a scroll of teleportation {unknown}
Books
 q - a book of Necromancy

   Spells                             Type                      Level
   a - Pain                           Necromancy                   1
   b - Animate Skeleton               Necromancy                   1
   c - Vampiric Draining              Necromancy                   3
   d - Regeneration                   Charms/Necromancy            3
   e - Animate Dead                   Necromancy                   4
   f - Control Undead                 Necromancy                   4


   Skills:
 + Level 0.1 Polearms
 - Level 1.5 Dodging
 - Level 1.5 Stealth
 + Level 2.6 Spellcasting
 * Level 5.0 Necromancy


You had 2 spell levels left.
You knew the following spells:

 Your Spells              Type           Power        Failure   Level  Hunger
a - Pain                  Necr           ###.         2%          1    N/A
b - Vampiric Draining     Necr           ###.......   10%         3    N/A
x - Animate Skeleton      Necr           N/A          2%          1    N/A

Dungeon Overview and Level Annotations

Branches:
Dungeon (2/15)

Altars:


Innate Abilities, Weirdness & Mutations

You do not eat or drink.
Your flesh is vulnerable to fire.
You are immune to poison.
Your flesh is cold resistant. (rC+)
You are immune to negative energy. (rN+++)
You are immune to unholy pain and torment.
You can survive without breathing.


Message History

Unknown command.
Casting: Pain
Confirm with . or Enter, or press ? or * to list all spells.
Aiming: Pain
Press: ? - help, Shift-Dir - straight line, f/p - gnoll
Aim: a gnoll, wielding a halberd of chopping (heavily wounded, chance to defeat MR: 82%)
The gnoll writhes in agony!
The gnoll closely misses you.
A gnoll comes into view.
Unknown command.
Casting: Pain
Confirm with . or Enter, or press ? or * to list all spells.
Aiming: Pain
Press: ? - help, Shift-Dir - straight line, f/p - gnoll
Aim: a gnoll, wielding a halberd of chopping (heavily wounded, chance to defeat MR: 82%)
The gnoll writhes in agony!
The gnoll throws a throwing net.
The throwing net hits you.
You become entangled in the net!
The gnoll hits you from afar with an enchanted halberd!
The gnoll hits you from afar with a halberd of chopping!
Ouch! That really hurt!
You die...

..................# #......
#.#..###..#.........####......
...(.#.#..##......†.........#
(....(g...#........##.##....#
#.#.##g...#........#........#
#........#...##........#
#.....g......##........#
#..##.....#.###........+
#..##.g.@.#.# ##.##.##.#
#..##.......####.#.....#
.....##..................#
.........##.............##.##
..###........................
####.####............###.#.#...#.
.......##........................
.......##.##.##.###..###..)#..##.
.......#.....##.###..#...........


You could see 4 gnolls.

Vanquished Creatures
  An adder (D:2)
  A giant cockroach (D:1)
  6 goblins
  8 hobgoblins
  4 jackals (D:1)
  4 bats
  5 frilled lizards
  3 kobolds
  6 rats
38 creatures vanquished.

Vanquished Creatures (collateral kills)
  An ooze (D:1)
  A jackal (D:1)
  A ball python (D:2)
  A rat (D:1)
4 creatures vanquished.

Grand Total: 42 creatures vanquished

Notes
Turn   | Place    | Note
-------+----------+-------------------------------------------
     0 | D:1      | mopl the Mummy Necromancer began the quest for the Orb.
     0 | D:1      | Reached XP level 1. HP: 13/13 MP: 3/3
    38 | D:1      | Learned a level 1 spell: Animate Skeleton
   192 | D:1      | Reached XP level 2. HP: 6/19 MP: 0/5
   715 | D:1      | Reached XP level 3. HP: 21/24 MP: 0/6
   720 | D:1      | Learned a level 3 spell: Vampiric Draining
  1274 | D:2      | Reached skill level 5 in Necromancy
  1340 | D:2      | Slain by a gnoll

Skill      XL: |  1  2  3 |
---------------+----------+-----
Necromancy     | 5 |  5.0
Polearms       | |  0.1
Dodging        | |  1.5
Stealth        | |  1.5
Spellcasting   | |  2.6

Action                   || total
-------------------------++-------
Melee: Unarmed           ||    57
       Trident           ||    11
 Fire: Hunting sling     ||    10
 Cast: Pain              ||    49
       Animate Skeleton  ||    11
  Use: Scroll            ||     1
Armor: Robe              ||    15
Dodge: Dodged            ||    76
